 Dungeon Crawl Stone Soup version 0.22.1-1-ga44c0e56f4 (webtiles) character file.

6861 jaona the Spear-Bearer (level 10, -1/112 HPs)
             Began as a Demonspawn Abyssal Knight on Oct 24, 2018.
             Was an Elder of Lugonu.
             Slain by a fire elemental (11 damage)
             ... summoned by Lugonu's corruption
             ... on level 1 of the Lair of Beasts.
             The game lasted 00:50:31 (9904 turns).

jaona the Spear-Bearer (Demonspawn Abyssal Knight)  Turns: 9904, Time: 00:50:32

Health: -1/112     AC: 25    Str: 15    XL:     10   Next: 78%
Magic:  16/16      EV:  2    Int: 13    God:    Lugonu [****..]
Gold:   593        SH:  2    Dex: 16    Spells: 9/9 levels left

rFire    . . .     SeeInvis .   I - +1 trident (flame)
rCold    . . .     Gourm    .   (no shield)
rNeg     + + +     Faith    .   (armour currently unavailable)
rPois    +         Spirit   .   (helmet currently unavailable)
rElec    .         Reflect  +   (cloak currently unavailable)
rCorr    .         Harm     .   (gloves currently unavailable)
MR       .....     NoTele   +   (boots unavailable)
Stlth    +++.......             q - +2 amulet of reflection
HPRegen  0.28/turn              d - ring of poison resistance
MPRegen  0.15/turn              g - ring of stealth

@: tree-form
A: agile 1, powered by pain 1, MP-powered wands
a: Depart the Abyss, Bend Space, Banish, Corrupt, Renounce Religion


You were on level 1 of the Lair of Beasts.
You worshipped Lugonu.
Lugonu was greatly pleased with you.
You were hungry.
You were a tree.
You visited 2 branches of the dungeon, and saw 10 of its levels.
You visited the Abyss 1 time.

You collected 621 gold pieces.
You spent 28 gold pieces at shops.

Inventory:

Hand Weapons
 a - a +1 spear
 v - a +2 trident of venom
 C - a +2 halberd of venom
 I - a +1 trident of flaming (weapon)
Armour
 b - a +0 leather armour
 e - a +0 pair of gloves (melded)
 r - a +0 helmet
 t - a +0 shield
 E - a +1 robe of positive energy
 H - a +0 scale mail (melded)
 J - a +0 chain mail
 L - a +0 cloak of invisibility (melded)
 O - a +1 helmet (melded)
Jewellery
 d - a ring of poison resistance (left branch)
 g - a ring of stealth (right branch)
 m - an uncursed amulet of guardian spirit
 q - a +2 amulet of reflection (around neck)
 x - an uncursed ring of see invisible
 B - an uncursed ring of resist corrosion
Wands
 o - a wand of clouds (3)
 D - a wand of polymorph (7)
 K - a wand of flame (30)
Scrolls
 f - 4 scrolls of amnesia
 h - 5 scrolls of magic mapping
 i - a scroll of holy word {unknown}
 j - a scroll of teleportation
 n - 3 scrolls of immolation
 p - 3 scrolls of fog
 s - 3 scrolls of noise
 u - 4 scrolls of remove curse
 w - 2 scrolls of enchant armour
 y - a scroll of fear
 M - a scroll of vulnerability {unknown}
 N - 2 scrolls of identify
Potions
 k - 2 potions of cancellation
 l - 3 potions of haste
 z - 2 potions of brilliance {unknown}
 A - 2 potions of curing
 F - a potion of flight {unknown}
Comestibles
 c - 21 rations
 P - a chunk of flesh


   Skills:
 * Level 5.6 Fighting
 + Level 11.0 Polearms
 - Level 6.2 Armour
 - Level 3.9 Dodging
 - Level 2.0 Stealth
 - Level 1.0 Shields
 + Level 8.9 Invocations


You had 9 spell levels left.
You didn't know any spells.
Your spell library contained the following spells:

 Spells                   Type           Power        Failure   Level  Hunger
 Beastly Appendage        Tmut           #.....       30%         1    ##.....
 Sticks to Snakes         Tmut           #.......     43%         2    ###....
 Spider Form              Tmut/Pois      #.........   67%         3    ####...
 Ice Form                 Ice/Tmut       #.......     97%         4    #####..
 Blade Hands              Tmut           #.........   100%        5    ######.


Dungeon Overview and Level Annotations

Branches:
Dungeon (9/15)             Temple (0/1) D:5            Lair (1/6) D:9
    Orc (0/2) D:9

Altars:
Ashenzari
Cheibriados
Elyvilon
Gozag
Hepliaklqana
Okawaru
Trog
Uskayaw
Vehumet
Zin

Shops:
D:7 *

Annotations:
D:6 Menkaure
Lair:1 corrupted


Innate Abilities, Weirdness & Mutations

((You have claws for feet.))
((You are mostly covered in molten scales. (AC +3)))
You sometimes gain a little power by taking damage.
((You are partially covered in sharp spines.))
You are agile. (Dex +2)
You expend magic power (3 MP) to strengthen your wands.


Message History

The crocodile dies!
Your Polearms skill increases to level 11!
The storm dragon zombie is struck by your spines.
The storm dragon zombie bites you!
* * * LOW HITPOINT WARNING * * *
The storm dragon zombie closely misses you.
The storm dragon zombie tramples you but does no damage.
Put on which piece of jewellery? (? for menu, Esc to quit)
Okay, then.
Unknown command.
You turn into a tree.
Your +0 cloak of invisibility melds into your body.
Your +1 helmet melds into your body.
Your +0 pair of gloves melds into your body.
Your +0 scale mail melds into your body.
Your roots penetrate the ground.
The small abomination is engulfed in seething chaos.
The small abomination seems to speed up.
The fire elemental hits you. The fire elemental burns you!
You die...

########
###..#XX3########..
..xx.XZGEXX.........
..#5pX.♣3#####.###..
h.x4x3.FEX#........
.#x.X###x#.x.....# #
#.###...§§##.....# .#
. #...tx§2.....+..#
#...4.#......#..#
F........#........#
..
.P......#......+..##
#...
...#...X........#...#


You could see a spiny frog, 3 neutral starcursed masses, a neutral death knight,
a neutral glowing orange brain, a neutral sun demon, 2 neutral orange demons, a
neutral apocalypse crab, 5 neutral large abominations, a neutral water
elemental, a neutral worldbinder, a neutral smoke demon, a neutral raiju, a
neutral fire elemental (wandering), a neutral neqoxec, 7 neutral small
abominations, a neutral white imp and a neutral storm dragon zombie.

Vanquished Creatures
  Pikel (D:5)
  Maurice (D:9)
  2 black mambas (Lair:1)
  4 hippogriffs
  Prince Ribbit (D:7)
  Sigmund (D:4)
  Eustachio (D:6)
  2 hungry ghosts
  A porcupine (Lair:1)
  A water moccasin (Lair:1)
  5 orc warriors
  3 slaves (D:6)
  A black bear (D:8)
  2 sky beasts
  2 ogres
  3 centaurs
  3 wolves (Lair:1)
  A crocodile (Lair:1)
  A big kobold (D:8)
  2 bullfrogs
  Blork the orc (D:4)
  2 scorpions (D:4)
  4 killer bees (D:8)
  4 wights (D:8)
  3 howler monkeys
  2 crimson imps
  A bullfrog zombie (D:7)
  A jelly (D:8)
  8 orc priests
  3 hounds
  11 orc wizards
  Natasha (twice) (D:3)
  2 iguanas (D:8)
  5 worker ants
  A killer bee zombie (D:8)
  A hound skeleton (D:8)
  3 gnolls (D:7)
  11 adders
  2 oozes (D:3)
  2 worms
  4 dart slugs
  7 leopard geckos
  60 orcs
  2 ball pythons (D:3)
  A bat skeleton (D:2)
  4 giant cockroaches
  7 goblins
  6 hobgoblins
  10 jackals
  5 quokkas
  6 bats
  5 frilled lizards
  11 kobolds
  2 quokka zombies
  8 rats
245 creatures vanquished.

Vanquished Creatures (others)
  An orc warrior (D:9)
  A crocodile (Lair:1)
2 creatures vanquished.

Grand Total: 247 creatures vanquished

Notes
Turn   | Place    | Note
-------+----------+-------------------------------------------
     0 | Abyss:1  | jaona the Demonspawn Abyssal Knight began the quest for the
                  | Orb.
     0 | Abyss:1  | Reached XP level 1. HP: 18/18 MP: 2/2
    11 | D:1      | Escaped the Abyss
    64 | D:1      | Reached skill level 1 in Dodging
   124 | D:1      | Gained mutation: You have sharp toenails. [demonic
                  | ancestry]
   124 | D:1      | Reached XP level 2. HP: 24/24 MP: 3/3
   157 | D:1      | Reached skill level 2 in Polearms
   541 | D:1      | Reached ** piety under Lugonu
   718 | D:2      | Gained mutation: You are partially covered in sharp spines.
                  | [demonic ancestry]
   718 | D:2      | Reached XP level 3. HP: 26/29 MP: 5/5
   761 | D:2      | Gained mutation: You are clumsy. (Dex -2) [potion of
                  | mutation]
   761 | D:2      | Gained mutation: You are robust. (+10% HP) [potion of
                  | mutation]
  1078 | D:2      | Lost mutation: You are clumsy. (Dex -2) [potion of
                  | mutation]
  1078 | D:2      | Lost mutation: You are robust. (+10% HP) [potion of
                  | mutation]
  1078 | D:2      | Gained mutation: You expend magic power (3 MP) to
                  | strengthen your wands. [potion of mutation]
  1078 | D:2      | Gained mutation: You are agile. (Dex +2) [potion of
                  | mutation]
  1078 | D:2      | Gained mutation: You are partially covered in molten
                  | scales. (AC +2) [potion of mutation]
  1084 | D:2      | Found a bloodstained altar of Trog.
  1350 | D:2      | Gained mutation: You sometimes gain a little power by
                  | taking damage. [demonic ancestry]
  1350 | D:2      | Reached XP level 4. HP: 35/35 MP: 6/6
  1388 | D:2      | Reached skill level 3 in Polearms
  1695 | D:3      | Noticed Natasha
  1891 | D:3      | Reached skill level 1 in Stealth
  2040 | D:3      | Killed Natasha
  2040 | D:3      | Reached XP level 5. HP: 31/41 MP: 7/7
  2102 | D:3      | Noticed Natasha
  2111 | D:3      | Killed Natasha
  2255 | D:4      | Found a white marble altar of Elyvilon.
  2278 | D:4      | Reached skill level 4 in Polearms
  2333 | D:4      | Mutation became permanent: You are partially covered in
                  | molten scales. (AC +2) [demonic ancestry]
  2333 | D:4      | Gained mutation: You are partially covered in molten
                  | scales. (AC +2) [demonic ancestry]
  2333 | D:4      | Reached XP level 6. HP: 43/47 MP: 8/8
  2343 | D:4      | Reached *** piety under Lugonu
  2618 | D:4      | Noticed Blork the orc
  2704 | D:4      | Noticed Sigmund
  2712 | D:5      | Entered Level 5 of the Dungeon
  2947 | D:5      | Found a staircase to the Ecumenical Temple.
  3175 | D:5      | Noticed a slave
  3175 | D:5      | Noticed a slave
  3175 | D:5      | Noticed a slave
  3175 | D:5      | Noticed a slave
  3176 | D:5      | Noticed Pikel
  3189 | D:6      | Killed a slave
  3191 | D:5      | Reached skill level 5 in Polearms
  3204 | D:6      | Killed a slave
  3401 | D:6      | Killed a slave
  3673 | D:5      | Killed Pikel
  3673 | D:5      | Reached skill level 6 in Polearms
  3673 | D:5      | Gained mutation: You have razor-sharp toenails. [demonic
                  | ancestry]
  3673 | D:5      | Reached XP level 7. HP: 29/55 MP: 9/9
  3815 | D:5      | Found a glowing silver altar of Zin.
  3906 | D:5      | Gained mutation: You are mostly covered in molten scales.
                  | (AC +3) [demonic ancestry]
  3906 | D:5      | Reached XP level 8. HP: 49/61 MP: 10/10
  3914 | D:5      | Found a shattered altar of Ashenzari.
  3925 | D:5      | Found a hide-covered altar of Uskayaw.
  4056 | D:4      | Killed Blork the orc
  4251 | D:4      | Killed Sigmund
  4251 | D:4      | Reached skill level 5 in Fighting
  4251 | D:4      | Reached skill level 7 in Polearms
  4444 | D:3      | Found an iron altar of Okawaru.
  4496 | D:6      | Noticed Menkaure
  4702 | D:6      | Noticed Eustachio
  4741 | D:6      | Killed Eustachio
  5014 | D:6      | Noticed Prince Ribbit
  5033 | D:7      | Killed Prince Ribbit
  5128 | D:7      | Found Vadurhir's General Store.
  5139 | D:7      | Reached skill level 8 in Polearms
  5273 | D:7      | Gained mutation: You have claws for feet. [demonic
                  | ancestry]
  5273 | D:7      | Reached XP level 9. HP: 55/68 MP: 12/12
  5316 | D:7      | Reached **** piety under Lugonu
  5506 | D:7      | Reached skill level 5 in Invocations
  5848 | D:7      | Found an opulent altar of Gozag.
  6656 | D:7      | Bought a scroll of identify for 28 gold pieces
  6778 | D:8      | Reached skill level 9 in Polearms
  7634 | D:8      | Found a snail-covered altar of Cheibriados.
  7642 | D:8      | Reached skill level 5 in Armour
  8090 | D:8      | Found an opulent altar of Gozag.
  8090 | D:8      | Found a hazy altar of Hepliaklqana.
  8214 | D:9      | Reached XP level 10. HP: 74/74 MP: 15/15
  8290 | D:9      | Found a staircase to the Lair.
  8320 | D:9      | Reached skill level 10 in Polearms
  8470 | D:9      | Reached ***** piety under Lugonu
  8475 | D:9      | Found a staircase to the Orcish Mines.
  8519 | Lair:1   | Entered Level 1 of the Lair of Beasts
  8818 | D:9      | Found a radiant altar of Vehumet.
  8842 | D:9      | Noticed Maurice
  8854 | D:9      | Killed Maurice
  9600 | Lair:1   | Reached skill level 1 in Shields
  9715 | Lair:1   | Noticed a black mamba
  9725 | Lair:1   | Killed a black mamba
  9851 | Lair:1   | Noticed a black mamba
  9852 | Lair:1   | Noticed a spiny frog
  9860 | Lair:1   | Killed a black mamba
  9902 | Lair:1   | Corrupted Lair:1
  9902 | Lair:1   | Noticed a glowing orange brain
  9902 | Lair:1   | Noticed a starcursed mass
  9902 | Lair:1   | Noticed an orange demon
  9902 | Lair:1   | Noticed a worldbinder
  9902 | Lair:1   | Noticed a death knight
  9902 | Lair:1   | Noticed a large abomination
  9902 | Lair:1   | Noticed a smoke demon
  9902 | Lair:1   | Noticed an orange demon
  9902 | Lair:1   | Noticed a shadow demon
  9902 | Lair:1   | Noticed a starcursed mass
  9902 | Lair:1   | Noticed an apocalypse crab
  9902 | Lair:1   | Noticed a large abomination
  9902 | Lair:1   | Noticed a sun demon
  9903 | Lair:1   | Noticed a thrashing horror
  9903 | Lair:1   | Reached skill level 11 in Polearms
  9904 | Lair:1   | Slain by a fire elemental

Skill      XL: |  1  2  3  4  5  6  7  8  9 10 |
---------------+-------------------------------+-----
Dodging        | 1 3 |  3.9
Polearms       | 2 3 4 6 8 9 11 | 11.0
Armour         | 2 3 5 6 |  6.2
Stealth        | 1 2 |  2.0
Invocations    | 3 4 7 8 |  8.9
Fighting       | 4 5 |  5.6
Shields        | 1 |  1.0

Action                   |  1- 3 |  4- 6 |  7- 9 | 10-12 || total
-------------------------+-------+-------+-------+-------++-------
Melee: Spear             |   121 |   231 |   363 |       ||   715
       Kick              |    17 |    54 |    94 |    57 ||   222
       Trident           |       |       |    41 |   199 ||   240
Invok: Bend Space        |       |     1 |     4 |     1 ||     6
       Banish            |       |       |       |     2 ||     2
       Corrupt           |       |       |       |     1 ||     1
  Use: Potion            |     4 |     2 |     2 |     1 ||     9
       Scroll            |     1 |     6 |    16 |       ||    23
 Stab: Sleeping          |     3 |    11 |     5 |     1 ||    20
       Distracted        |       |     1 |       |       ||     1
  Eat: Chunk             |     1 |     4 |    12 |     7 ||    24
       Ration            |       |     1 |     2 |       ||     3
Armor: Leather armour    |    23 |    44 |     6 |       ||    73
       Scale mail        |       |       |    81 |    46 ||   127
       Skin              |       |       |    19 |     1 ||    20
Dodge: Dodged            |    68 |    87 |   131 |    69 ||   355
Block: Other             |       |     7 |    18 |    15 ||    40
       Reflection        |       |       |       |     2 ||     2
